AoeStats
← Bane24

Arena

509944812Analyzed
2v2 RM · 5d ago on Sep 28, 2026· 77m 56s· 4 players
Game mode
Random Map
Map size
Medium (4 player)
Population
200
Speed
Normal
Resources
Standard
Victory
Conquest
Starting age
Dark Age
Ending age
Imperial Age
RankedLock teamsTeams togetherTeam positionsShared explorationLock speedFull tech treeHidden civsTurbo modeCheats
Victory
Defeat
🇨🇭 Bohemians · Switzerland
804
+17
🇮🇳 Mongols · India
783
+17
🇨🇿 Bohemians · Czechia
818
-17
🇨🇿 Spanish · Czechia
818
-17
BabaYaga0701356
10:36 Feudal Age
16:20 Castle Age
28:40 Imperial Age
26:50 Wheelbarrow
29:28 Chemistry
29:35 Hand Cart
29:26 Arson
29:41 Squires
29:02 Pikeman
30:16 Double-Bit Axe
30:43 Horse Collar
31:16 Bow Saw
33:09 Two-Man Saw
35:55 Heavy Plow
36:54 Halberdier
37:45 Siege Engineers
38:01 Ballistics
37:37 Murder Holes
37:52 Fortified Wall
39:20 Conscription
39:23 Houfnice
43:01 Forging
42:52 Scale Mail Armor
42:52 Padded Archer Armor
42:43 Fletching
50:07 Iron Casting
49:47 Chain Mail Armor
49:48 Leather Archer Armor
49:29 Bodkin Arrow
56:01 Light Cavalry
56:42 Husbandry
57:58 Blast Furnace
57:29 Plate Mail Armor
57:29 Ring Archer Armor
57:00 Bracer
57:06 Scale Barding Armor
62:54 Cavalier
68:30 Caravan
69:01 Coinage
Bane24
10:09 Feudal Age
15:10 Castle Age
13:22 Double-Bit Axe
14:10 Horse Collar
20:25 Heavy Plow
20:21 Stone Mining
20:21 Gold Mining
21:51 Stone Shaft Mining
22:02 Bow Saw
24:17 Gold Mining
25:29 Wheelbarrow
26:17 Caravan
27:14 Arson
27:29 Squires
26:50 Pikeman
31:12 Imperial Age
29:25 Gold Shaft Mining
29:43 Scale Barding Armor
29:38 Scale Mail Armor
29:41 Padded Archer Armor
30:27 Nomads
31:10 Husbandry
31:21 Bloodlines
30:31 Light Cavalry
32:51 Drill
33:30 Hussar
34:58 Hand Cart
35:23 Chain Barding Armor
34:57 Fletching
36:48 Forging
36:34 Bodkin Arrow
36:56 Leather Archer Armor
37:07 Ballistics
36:44 Murder Holes
37:45 Elite Mangudai
38:19 Capped Ram
40:31 Heavy Scorpion
42:03 Siege Ram
43:06 Bracer
43:42 Iron Casting
61:46 Elite Steppe Lancer
v.sla13
11:06 Feudal Age
15:32 Castle Age
13:38 Double-Bit Axe
15:33 Horse Collar
26:05 Chemistry
31:08 Imperial Age
29:22 Wheelbarrow
32:28 Wagenburg Tactics
32:49 Bow Saw
35:29 Forging
35:19 Scale Mail Armor
35:25 Scale Barding Armor
35:21 Padded Archer Armor
35:11 Fletching
35:30 Siege Engineers
35:30 Caravan
37:06 Two-Man Saw
35:45 Elite Hussite Wagon
36:31 Sappers
37:22 Conscription
41:41 Fortified Wall
41:42 Masonry
41:27 Murder Holes
41:46 Houfnice
41:54 Pikeman
42:34 Squires
42:20 Arson
Bubbly_Bee
0:53 Loom
13:50 Feudal Age
14:25 Horse Collar
14:34 Double-Bit Axe
22:58 Castle Age
23:35 Stone Mining
24:48 Bow Saw
24:41 Heavy Plow
25:21 Stone Shaft Mining
27:59 Wheelbarrow
27:41 Fletching
28:41 Bodkin Arrow
29:11 Fortified Wall
28:57 Murder Holes
29:13 Masonry
29:54 Pikeman
30:34 Squires
31:08 Hand Cart
31:14 Gold Mining
32:52 Ballistics
34:39 Husbandry
34:50 Bloodlines
35:55 Scale Barding Armor
36:03 Forging
39:22 Imperial Age
37:57 Town Watch
37:48 Elite Skirmisher
40:12 Town Patrol
39:40 Cavalier
41:07 Conscription
40:17 Sappers
41:40 Supremacy
41:56 Hoardings
42:29 Chemistry
41:59 Architecture
41:15 Arrowslits
41:56 Chain Barding Armor
41:37 Bracer
42:13 Iron Casting
41:29 Paladin
44:23 Thumb Ring
46:20 Halberdier
51:03 Padded Archer Armor
52:04 Blast Furnace
51:04 Scale Mail Armor
51:40 Plate Barding Armor
60:20 Light Cavalry
61:27 Leather Archer Armor
61:48 Plate Barding Armor
61:28 Chain Mail Armor
62:05 Guilds
62:25 Coinage
61:56 Caravan
61:25 Hussar
66:38 Two-Man Saw
68:27 Banking
73:32 Ring Archer Armor
Connection lost

Rejoining the realm…

Still unreachable

The connection could not be restored.

Session expired

The server has moved on; the page needs a fresh start.